 Dungeon Crawl Stone Soup version 0.30-a0-451-ge042605de7 (webtiles) character file.

Game seed: 9092629538336628453

904 Inus the Digger (level 8, -1/52 HPs)
             Began as a Human Earth Elementalist on Dec 11, 2022.
             Was an Initiate of Ashenzari.
             Slain by a yak (15 damage)
             ... on level 4 of the Dungeon.
             The game lasted 00:10:53 (3881 turns).

Inus the Digger (Human Earth Elementalist)          Turns: 3881, Time: 00:10:54

Health: -1/52      AC:  4    Str:  8    XL:     8   Next: 29%
Magic:  12/15      EV: 12    Int: 17    God:    Ashenzari [......]
Gold:   232        SH:  0    Dex: 17    Spells: 6/16 levels left

rFire   + . .      SeeInvis .    m - +1 dagger (venom)
rCold   . . .      Faith    .    (no shield)
rNeg    + . .      Spirit   .    a - +0 robe
rPois   .          Reflect  .    (no helmet)
rElec   .          Harm     .    (no cloak)
rCorr   .          Rampage  .    (no gloves)
Will    .....                    c - +1 pair of boots
Stlth   ++........               (no amulet)
HPRegen 0.28/turn                i - ring of protection from fire
MPRegen 0.14/turn                g - ring of positive energy

@: no status effects
A: agile 1
a: Renounce Religion


You were on level 4 of the Dungeon.
You worshipped Ashenzari.
Ashenzari was noncommittal.
You visited 1 branch of the dungeon, and saw 5 of its levels.

You collected 232 gold pieces.

Inventory:

Hand Weapons
 h - a +2 dagger of protection
 m - a +1 dagger of venom (weapon)
Armour
 a - a +0 robe (worn)
 c - a +1 pair of boots (worn)
Jewellery
 g - a ring of positive energy (right hand)
 i - a ring of protection from fire (left hand)
 k - a ring of resist corrosion
 l - a ring of protection from cold
Wands
 n - a wand of paralysis (3)
Scrolls
 p - a scroll of noise
 r - a scroll of teleportation
Potions
 b - a potion of magic
 d - a potion of might
 q - a potion of berserk rage


   Skills:
 - Level 0.2 Fighting
 - Level 0.1 Maces & Flails
 - Level 2.0 Dodging
 - Level 2.0 Stealth
 + Level 4.8 Spellcasting
 - Level 3.4 Conjurations
 - Level 4.2 Transmutations
 + Level 5.6 Earth Magic


You had 6 spell levels left.
You knew the following spells:

 Your Spells              Type           Power      Damage    Failure   Level
a - Sandblast             Erth           46%        2d11      1%          1
b - Passwall              Tmut/Erth      16%        N/A       3%          2
c - Stone Arrow           Conj/Erth      38%        3d9       7%          3
d - Petrify               Tmut/Erth      20%        N/A       19%         4

Your spell library contained the following spells:

 Spells                   Type           Power      Damage    Failure   Level


Dungeon Overview and Level Annotations

Branches:
Dungeon (5/15)
 Temple: D:4-7

Altars:
Ashenzari
Makhleb

Shops:
D:1 *


Innate Abilities, Weirdness & Mutations

You are agile. (Dex +4, Str/Int -1)


Message History

You closely miss the yak.
The yak is lightly wounded.
The yak gores you!
You hit the yak.
The yak is poisoned.
The yak is lightly wounded.
The yak gores you. The yak attacks as you move away! The yak misses you.
Casting: Sandblast (safe; 1% risk of failure)
Confirm with . or Enter, or press ? or * to list all spells.
Aiming: Sandblast (safe; 1% risk of failure)
Press: ? - help, Shift-Dir - straight line, f - yak
Aim: a yak (lightly wounded, very poisoned, 90% to hit)
The blast of sand hits the yak!
The yak is moderately wounded.
The yak gores you! The yak closely misses you.
Unknown command.
You feel much better. The yak gores you!
Casting: Sandblast (safe; 1% risk of failure)
Confirm with . or Enter, or press ? or * to list all spells.
Aiming: Sandblast (safe; 1% risk of failure)
Press: ? - help, Shift-Dir - straight line, f/p - yak
Aim: a yak (moderately wounded, very poisoned, 90% to hit)
The blast of sand hits the yak!
The yak is heavily wounded.
The yak gores you.
Casting: Sandblast (safe; 1% risk of failure)
Confirm with . or Enter, or press ? or * to list all spells.
Aiming: Sandblast (safe; 1% risk of failure)
Press: ? - help, Shift-Dir - straight line, f/p - yak
Aim: a yak (heavily wounded, very poisoned, 90% to hit)
The blast of sand hits the yak but does no damage.
The yak is heavily wounded.
The yak gores you. The yak gores you!
* * * LOW HITPOINT WARNING * * *
Okay, then.
Aiming: Paralyse
Press: ? - help, Shift-Dir - straight line, f/p - yak
Aim: a yak (heavily wounded, very poisoned, chance to affect: 49%)
The yak resists with some effort.
The yak gores you!
You die...

#.#####....)..#.#.#####.###..
#..........._.#.#...# #.# #..
#.#####.........###.# #.###†.
#...........P.### #.# #......
#..######.....# #.# ###.##. #..#
#.##.## #[# #.##. #..#
#.##†######.#####.##. #..#
##......(..........##. ### #..#
#....@.............##. ..# #..#
#.###Y#####...#######. #.# #..#
#..#........#.........
#.###..#####.#...#####...########
.#..........###.>.......##
###.....(....#...########
.#.##............#
#.###########..[## ### #####


You could see a yak (very poisoned).

Vanquished Creatures
  2 yaks (D:4)
  An ice beast (D:5)
  2 phantoms (D:4)
  A kobold brigand (D:4)
  A scorpion (D:4)
  A howler monkey (D:4)
  A hound (D:4)
  2 orc wizards
  3 gnolls (D:2)
  2 adders
  5 worms
  2 dart slugs (D:1)
  4 orcs
  7 bats
  6 endoplasms
  6 giant cockroaches
  6 goblins
  9 hobgoblins
  3 jackals (D:4)
  2 quokkas
  5 ball pythons
  12 frilled lizards
  9 kobolds
  8 rats
100 creatures vanquished.

Vanquished Creatures (others)
  11 plants (D:4)
11 creatures vanquished.

Grand Total: 111 creatures vanquished

Notes
Turn   | Place    | Note
-------+----------+-------------------------------------------
     0 | D:1      | Inus the Human Earth Elementalist began the quest for the
                  | Orb.
     0 | D:1      | Reached XP level 1. HP: 13/13 MP: 3/3
   144 | D:1      | Reached XP level 2. HP: 19/19 MP: 3/5
   176 | D:1      | Found Xoposu's Assorted Antiques.
   565 | D:1      | Reached XP level 3. HP: 24/24 MP: 3/6
  1010 | D:2      | Learned a level 2 spell: Passwall
  1191 | D:2      | Reached XP level 4. HP: 28/30 MP: 5/8
  1878 | D:3      | Reached skill level 4 in Earth Magic
  1881 | D:3      | Reached XP level 5. HP: 27/35 MP: 8/10
  2044 | D:3      | Learned a level 3 spell: Stone Arrow
  2083 | D:3      | Gained mutation: You are clumsy. (Dex -2) [potion of
                  | mutation]
  2083 | D:3      | Lost mutation: You are clumsy. (Dex -2) [potion of
                  | mutation]
  2083 | D:3      | Gained mutation: Armour fits poorly on your strangely
                  | shaped body. [potion of mutation]
  2110 | D:3      | Lost mutation: Armour fits poorly on your strangely shaped
                  | body. [potion of mutation]
  2110 | D:3      | Gained mutation: You are agile. (Dex +4, Str/Int -1)
                  | [potion of mutation]
  2271 | D:3      | Found a broken altar of Ashenzari.
  2300 | D:3      | Became a worshipper of Ashenzari the Shackled
  2449 | D:4      | Reached skill level 1 in Conjurations
  2449 | D:4      | Reached XP level 6. HP: 30/41 MP: 5/11
  2685 | D:4      | Found a burning altar of Makhleb.
  3041 | D:4      | Reached XP level 7. HP: 37/46 MP: 11/13
  3356 | D:5      | Entered Level 5 of the Dungeon
  3395 | D:4      | Reached skill level 5 in Earth Magic
  3562 | D:5      | Noticed a yak
  3562 | D:5      | Noticed a yak
  3563 | D:5      | Noticed a yak
  3629 | D:4      | Killed a yak
  3630 | D:4      | Reached XP level 8. HP: 28/52 MP: 10/14
  3743 | D:4      | Killed a yak
  3855 | D:4      | Learned a level 4 spell: Petrify
  3881 | D:4      | Slain by a yak

Illustrated notes

Levels and vault maps discovered:
D:1:      dpeg_arrival_round_b, layout_rooms, serial_shops, shop
D:2:      layout_loops_ring, minmay_misc_feat_ornament
D:3:      layout_basic, overflow_temple_1_default,
          chequers_serial_rivers_micro_c
D:4:      layout_loops_ring, mainiacjoe_overflow_tiny_flanked, st_stairs_9,
          minivault_26, lexackson_kobold_supper
D:5:      layout_rooms, kennysheep_okawaru_gauntlet

Skill      XL: |  1  2  3  4  5  6  7  8 |
---------------+-------------------------+-----
Spellcasting   | 3 4 |  4.8
Earth Magic    | 4 5 |  5.6
Transmutations | 2 3 4 |  4.2
Conjurations   | 1 3 |  3.4
Fighting       | |  0.2
Maces & Flails | |  0.1
Dodging        | |  2.0
Stealth        | |  2.0

Action                   |  1- 3 |  4- 6 |  7- 9 || total
-------------------------+-------+-------+-------++-------
Melee: Whip              |     5 |       |       ||     5
       Dagger            |     5 |   109 |    61 ||   175
       Punch             |       |     1 |     1 ||     2
 Cast: Sandblast         |    46 |    38 |    31 ||   115
Evoke: Wand              |       |       |     1 ||     1
  Use: Potion            |       |     8 |     3 ||    11
       Scroll            |       |     3 |     4 ||     7
 Stab: Sleeping          |       |     6 |       ||     6
       Invisible         |       |     1 |       ||     1
Armor: Robe              |     3 |    33 |    24 ||    60
Dodge: Dodged            |    21 |    77 |    40 ||   138

Table legend: (Time is in decaauts)
 A = Elapsed time spent in this place.
 B = Non-inter-level travel time spent in this place.
 C = Inter-level travel time spent in this place.
 D = Time resting spent in this place.
 E = Time spent auto-exploring this place.
 F = Levels seen in this place.
 G = Mean time per level.
                   A        B        C        D        E       F      G
               +--------+--------+--------+--------+--------+-----+--------+
         Total |   3942 |   3838 |    104 |    414 |   2541 |   5 |  788.4 |
       Dungeon |   3942 |   3838 |    104 |    414 |   2541 |   5 |  788.4 |
               +--------+--------+--------+--------+--------+-----+--------+

Top non-repeatable levels by time:
     D:4: 1346 daAuts
     D:1: 1024 daAuts
     D:2: 860 daAuts
     D:3: 554 daAuts
     D:5: 155 daAuts
